 Dungeon Crawl Stone Soup version 0.22.0-25-g7663229 (webtiles) character file.

6445 NormalPerson7T the Grappler (level 10, -2/92 HPs)
             Began as a Ghoul Berserker on Aug 20, 2018.
             Was a High Priest of Trog.
             Slain by a two-headed ogre
             ... wielding a +0 giant spiked club
              (8 damage)
             ... on level 10 of the Dungeon.
             The game lasted 00:08:50 (9876 turns).

NormalPerson7T the Grappler (Ghoul Berserker)       Turns: 9876, Time: 00:08:51

Health: -2/92      AC:  6    Str: 24    XL:     10   Next: 99%
Magic:  9/9        EV: 12    Int:  3    God:    Trog [*****.]
Gold:   535        SH: 14    Dex:  8    Spells: 9/9 levels left

rFire    + . .     SeeInvis .     - Unarmed
rCold    + . .     Gourm    .   o - +0 shield
rNeg     + + +     Faith    .   v - +1 leather armour {rF+}
rPois    ∞         Spirit   .   x - +1 helmet
rElec    .         Reflect  +   (no cloak)
rCorr    .         Harm     .   (no gloves)
MR       .....                  (no boots)
Stlth    +.........             e - +4 amulet of reflection
HPRegen  0.00/turn              E - +2 ring of evasion
MPRegen  0.11/turn              (no ring)

@: rotting
A: rotting body, claws 1, carnivore, cold resistance 1, negative energy
resistance 3, inhibited regeneration, torment resistance, unbreathing
a: Trog's Hand, Brothers in Arms, Renounce Religion


You were on level 10 of the Dungeon.
You worshipped Trog.
Trog was extremely pleased with you.
You were not hungry.

You visited 1 branch of the dungeon, and saw 10 of its levels.
You also visited: Sewer.

You collected 649 gold pieces.
You spent 114 gold pieces at shops.

Inventory:

Armour
 o - a +0 shield (worn)
 v - a +1 leather armour of fire resistance (worn)
 x - a +1 helmet (worn)
Jewellery
 e - a +4 amulet of reflection (around neck)
 E - a +2 ring of evasion (left claw)
Wands
 a - a wand of iceblast (7)
 n - a wand of polymorph (31)
 y - a wand of random effects (23)
 A - a wand of disintegration (28)
 G - a wand of enslavement (13)
 I - a wand of scattershot (2)
Scrolls
 c - 9 scrolls of identify {unknown}
 g - 4 scrolls of fog {unknown}
 k - 4 scrolls of enchant weapon
 p - 6 scrolls of teleportation
 r - 9 scrolls of remove curse
 t - a scroll of enchant armour {unknown}
 u - 3 scrolls of amnesia {unknown}
 B - a scroll of fear
 C - a scroll of brand weapon {unknown}
 D - 2 scrolls of holy word {unknown}
 J - a scroll of random uselessness {unknown}
Potions
 d - 4 potions of flight {unknown}
 f - 2 potions of agility
 h - a potion of degeneration {unknown}
 i - 3 potions of lignification {unknown}
 j - 4 potions of curing {unknown}
 l - 3 potions of mutation {unknown}
 m - 2 potions of might {unknown}
 q - 2 potions of magic {unknown}
 s - 2 potions of haste {unknown}
 w - a potion of heal wounds {unknown}
 H - a potion of ambrosia {unknown}
 K - a potion of resistance {unknown}
Miscellaneous
 F - a lamp of fire (inert)
Comestibles
 b - 23 rations


   Skills:
 + Level 9.6 Fighting
 - Level 1.7 Armour
 - Level 1.7 Dodging
 + Level 7.1 Shields
 * Level 12.8 Unarmed Combat


You had 9 spell levels left.
You didn't know any spells.
Your spell library was empty.

Dungeon Overview and Level Annotations

Branches:
Dungeon (10/15)            Temple (0/1) D:7            Lair (0/6) D:8
    Orc: D:9-12

Altars:
Ashenzari
Cheibriados
Dithmenos
Fedhas
Nemelex Xobeh
Ru
Vehumet
Xom

Shops:
D:7 ?


Innate Abilities, Weirdness & Mutations

Your body is rotting away.
You thrive on raw meat.
You are immune to poison.
You have sharp fingernails.
You are carnivorous and can eat meat at any time.
Your flesh is cold resistant. (rC+)
You are immune to negative energy. (rN+++)
You do not regenerate when monsters are visible.
You are immune to unholy pain and torment.
You can survive without breathing.


Message History

You are too injured to fight recklessly!
You are too injured to fight recklessly!
You are too injured to fight recklessly!
You are too injured to fight recklessly!
You are too injured to fight recklessly!
You scratch the two-headed ogre but do no damage.
The two-headed ogre is almost dead.
The two-headed ogre hits you with a giant spiked club!!
* * * LOW HITPOINT WARNING * * *
You block the two-headed ogre's attack.
You barely miss the two-headed ogre.
The two-headed ogre is almost dead.
You scratch the two-headed ogre.
The two-headed ogre is almost dead.
You block the two-headed ogre's attack. The two-headed ogre closely misses you.
You barely miss the two-headed ogre.
The two-headed ogre is almost dead.
The two-headed ogre barely misses you.
The two-headed ogre hits you with a dire flail!
You die...

################...#
....................#####
..........................
.........................).
...........................
...........................
...........O...............
..........@.....<..........
...........................
.............))............
.............).............
##########...##############
#...# #####...#
>........##########
...................


You could see a two-headed ogre.

Vanquished Creatures
  A centaur warrior (D:8)
  Psyche (D:8)
  A hippogriff (D:7)
  A shadow (D:7)
  A hungry ghost (D:7)
  4 orc warriors
  Purgy (Sewer)
  2 sky beasts
  A black bear (D:6)
  An ice beast (D:7)
  A phantom (D:7)
  7 ogres
  4 centaurs
  A big kobold (D:7)
  6 bullfrogs
  A gnoll sergeant (D:9)
  A water moccasin zombie (D:6)
  4 scorpions
  A water moccasin skeleton (D:7)
  11 killer bees
  11 wights
  A howler monkey (D:5)
  3 crimson imps
  A centaur zombie (D:6)
  A bullfrog zombie (D:9)
  2 hounds
  A bullfrog skeleton (D:4)
  2 orc priests
  4 centaur skeletons
  2 jellies
  11 orc wizards
  5 iguanas
  8 worker ants
  A hound skeleton (D:5)
  A mummy (D:8)
  5 gnolls (D:9)
  9 adders
  A river rat (D:6)
  A shadow imp (D:6)
  An ooze (D:1)
  2 worms
  3 adder skeletons
  3 dart slugs
  5 leopard geckos
  41 orcs
  4 ball pythons
  3 bats (D:2)
  4 giant cockroaches
  11 hobgoblins
  13 jackals
  4 quokkas
  4 frilled lizards
  6 goblins
  8 kobolds
  A leopard gecko zombie (D:7)
  A quokka zombie (D:6)
  12 rats
247 creatures vanquished.

Vanquished Creatures (others)
  A kobold (D:3)
1 creature vanquished.

Grand Total: 248 creatures vanquished

Notes
Turn   | Place    | Note
-------+----------+-------------------------------------------
     0 | D:1      | NormalPerson7T the Ghoul Berserker began the quest for the Orb.
     0 | D:1      | Reached XP level 1. HP: 19/19 MP: 0/0
    71 | D:1      | Reached XP level 2. HP: 21/26 MP: 1/1
   536 | D:1      | Reached skill level 4 in Unarmed Combat
   602 | D:1      | Reached XP level 3. HP: 33/33 MP: 2/2
   981 | D:2      | Reached ** piety under Trog
  1037 | D:2      | Found a sacrificial altar of Ru.
  1313 | D:2      | Reached XP level 4. HP: 27/40 MP: 3/3
  1921 | D:3      | Reached skill level 5 in Unarmed Combat
  2503 | D:4      | Reached XP level 5. HP: 34/47 MP: 4/4
  2712 | D:4      | Reached skill level 1 in Shields
  2875 | D:4      | Noticed an ogre
  2884 | D:4      | Killed an ogre
  2884 | D:4      | Reached skill level 6 in Unarmed Combat
  2884 | D:4      | Reached XP level 6. HP: 54/54 MP: 5/5
  2897 | D:4      | Reached skill level 5 in Fighting
  3584 | D:5      | Entered Level 5 of the Dungeon
  3747 | D:5      | Reached XP level 7. HP: 59/59 MP: 6/6
  3778 | D:5      | Found a shadowy altar of Dithmenos.
  4113 | D:5      | Reached skill level 7 in Unarmed Combat
  4213 | D:5      | Reached *** piety under Trog
  4536 | D:6      | Reached XP level 8. HP: 28/69 MP: 7/7
  4545 | D:6      | Reached skill level 8 in Unarmed Combat
  4851 | D:6      | Found a glowing drain.
  4941 | Sewer    | Entered a sewer
  4983 | Sewer    | Noticed Purgy
  5004 | Sewer    | Killed Purgy
  5453 | D:6      | Reached **** piety under Trog
  5471 | D:5      | Reached skill level 9 in Unarmed Combat
  5727 | D:6      | Reached XP level 9. HP: 68/79 MP: 8/8
  5943 | D:6      | Reached skill level 10 in Unarmed Combat
  6162 | D:7      | Found a sparkling altar of Nemelex Xobeh.
  6166 | D:7      | Found a radiant altar of Vehumet.
  6384 | D:7      | Reached skill level 5 in Shields
  6451 | D:7      | Found Gycacias's Magic Scroll Boutique.
  6455 | D:7      | Bought a scroll of fear for 42 gold pieces
  6455 | D:7      | Bought a scroll of teleportation for 36 gold pieces
  6455 | D:7      | Bought a scroll of teleportation for 36 gold pieces
  6534 | D:7      | Found a large runed door.
  6535 | D:7      | Found a large runed door.
  6783 | D:7      | Identified the Incunabulum of the Voyage and Protection
  6864 | D:7      | Found a large runed door.
  6864 | D:7      | Found a large runed door.
  6911 | D:7      | Identified the Handbook of Ethics
  6940 | D:7      | Reached skill level 11 in Unarmed Combat
  7137 | D:7      | Reached XP level 10. HP: 71/89 MP: 9/9
  7462 | D:7      | Found a staircase to the Ecumenical Temple.
  7677 | D:7      | Found a blossoming altar of Fedhas.
  7677 | D:7      | Found a shimmering altar of Xom.
  7678 | D:7      | Found a shattered altar of Ashenzari.
  8065 | D:8      | Reached ***** piety under Trog
  8165 | D:8      | Noticed Psyche
  8171 | D:8      | Killed Psyche
  8258 | D:8      | Found a snail-covered altar of Cheibriados.
  8423 | D:8      | Found a staircase to the Lair.
  8429 | D:8      | Noticed a centaur warrior
  8436 | D:8      | Killed a centaur warrior
  8436 | D:8      | Reached skill level 12 in Unarmed Combat
  9324 | D:10     | Entered Level 10 of the Dungeon
  9863 | D:10     | Noticed a two-headed ogre
  9876 | D:10     | Slain by a two-headed ogre

Skill      XL: |  1  2  3  4  5  6  7  8  9 10 |
---------------+-------------------------------+-----
Unarmed Combat | 4 5 6 7 9 11 12 | 12.8
Fighting       | 4 5 6 7 8 9 |  9.6
Shields        | 1 2 3 4 5 7 |  7.1
Armour         | |  1.7
Dodging        | |  1.7

Action                   |  1- 3 |  4- 6 |  7- 9 | 10-12 || total
-------------------------+-------+-------+-------+-------++-------
Melee: Unarmed           |    95 |   121 |   390 |   275 ||   881
       Punch             |     2 |     1 |       |       ||     3
Invok: Trog's Hand       |       |       |     2 |       ||     2
Evoke: Wand              |       |       |       |     3 ||     3
       Lamp of fire      |       |       |       |     1 ||     1
  Use: Scroll            |     1 |     1 |       |       ||     2
  Eat: Chunk             |     3 |     7 |    11 |     9 ||    30
Armor: Animal skin       |    10 |     5 |       |       ||    15
       Leather armour    |       |     1 |    59 |    37 ||    97
Dodge: Dodged            |    72 |    40 |    96 |    66 ||   274
Block: Other             |    24 |    11 |       |       ||    35
       Reflection        |     1 |     3 |     9 |     1 ||    14
       Shield            |       |    36 |   244 |   193 ||   473
